 Dungeon Crawl Stone Soup version 0.23.2-33-g5129a83184 (webtiles) character file.

Game seed: 2794940534643700831

13503 Revguard the Cleaver (level 11, 0/86 HPs)
             Began as a Demonspawn Gladiator on July 20, 2019.
             Was a Priest of Makhleb.
             Killed from afar by an electric eel (8 damage)
             ... with a bolt of electricity
             ... on level 11 of the Dungeon on July 22, 2019.
             The game lasted 00:36:34 (10738 turns).

Revguard the Cleaver (Demonspawn Gladiator)        Turns: 10738, Time: 00:36:35

Health: 0/86       AC: 15    Str: 19    XL:     11   Next: 76%
Magic:  19/19      EV: 18    Int:  9    God:    Makhleb [***...]
Gold:   378        SH:  4    Dex: 17    Spells: 10/10 levels left

rFire    + . .     SeeInvis .   y - +0 battleaxe
rCold    + . .     Gourm    .   (shield currently unavailable)
rNeg     . . .     Faith    .   s - +2 leather armour "Neostrudgh" {rF+ Str+3}
rPois    .         Spirit   .   (helmet restricted)
rElec    .         Reflect  +   t - +0 cloak
rCorr    .         Harm     .   (no gloves)
MR       .....                  v - +0 pair of boots
Stlth    +.........             k - +4 amulet of reflection
HPRegen  0.24/turn              g - +3 ring of evasion
MPRegen  0.16/turn              C - ring of protection from cold

@: no status effects
A: antennae 1, talons 1, iridescent scales 3, demonic guardian 2, high mp 1,
sense surroundings 1
a: Minor Destruction, Lesser Servant of Makhleb, Renounce Religion


You were on level 11 of the Dungeon.
You worshipped Makhleb.
Makhleb was most pleased with you.
You were not hungry.

You visited 2 branches of the dungeon, and saw 12 of its levels.

You collected 778 gold pieces.
You spent 400 gold pieces at shops.

Inventory:

Hand Weapons
 a - a +0 war axe
 y - a +0 battleaxe (weapon)
Missiles
 d - 2 throwing nets (quivered)
Armour
 j - a cursed +0 plate armour
 s - the +2 leather armour "Neostrudgh" (worn) {rF+ Str+3}
   (You found it on level 4 of the Dungeon)

   It affects your strength (+3).
   It protects you from fire.
 t - a +0 cloak (worn)
 v - a +0 pair of boots (worn)
 G - a +0 troll leather armour
Jewellery
 g - a +3 ring of evasion (left hand)
 k - a +4 amulet of reflection (around neck)
 C - a ring of protection from cold (right hand)
 D - an uncursed amulet of rage {unknown}
Wands
 c - a wand of paralysis (40)
 p - a wand of enslavement (11)
 w - a wand of random effects (2)
Scrolls
 e - 4 scrolls of amnesia
 l - 2 scrolls of teleportation
 n - 7 scrolls of remove curse
 u - a scroll of blinking
 x - 2 scrolls of fog
 A - a scroll of vulnerability
 E - 4 scrolls of magic mapping
 J - a scroll of enchant armour {unknown}
Potions
 b - a potion of flight
 h - 2 potions of agility
 i - 5 potions of haste
 m - 3 potions of brilliance
 o - 3 potions of lignification
 q - 2 potions of resistance
 r - 2 potions of magic
 z - 4 potions of curing
 F - 2 potions of berserk rage
 I - a potion of invisibility {unknown}
Miscellaneous
 H - a lamp of fire
Comestibles
 f - 17 rations
 B - 2 chunks of flesh


   Skills:
 + Level 7.9 Fighting
 + Level 11.3 Axes
 - Level 1.7 Throwing
 * Level 9.1 Armour
 + Level 5.8 Dodging
 * Level 8.6 Invocations
 * Level 3.6 Evocations


You had 10 spell levels left.
You didn't know any spells.
Your spell library was empty.

Dungeon Overview and Level Annotations

Branches:
Dungeon (11/15)            Temple (1/1) D:7            Lair (0/6) D:11
    Orc (0/2) D:11

Altars:
Ashenzari
Cheibriados
Dithmenos
Elyvilon
Fedhas
Gozag
Hepliaklqana
Kikubaaqudgha
Makhleb
Nemelex Xobeh
Okawaru
Qazlal
Ru
Sif Muna
Trog
Uskayaw
Vehumet
Wu Jian
Xom
Yredelemnul
Zin
The Shining One

Shops:
D:5 %   D:10 }


Innate Abilities, Weirdness & Mutations

You have a pair of small antennae on your head.
You are completely covered in iridescent scales. (AC +6)
A demonic guardian rushes to your aid.
You have sharp toenails.
You have an increased reservoir of magic. (+10% MP)
You passively map a small area around you.


Message History

The bolt of electricity hits you.
* * * LOW HITPOINT WARNING * * *
What are your orders? t - Shout!
Orders for allies: a - Attack new target. r - Retreat! s - Stop attacking. g - Guard the area. f - Follow me.
Anything else - Cancel.
Gang up on whom?
Press: ? - help, Dir - move target cursor, f - electric eel
Aim: an electric eel (water) Attack!
The electric eel shoots out a bolt of lightning at you!
The bolt of electricity hits your hellwing.
The bolt of electricity hits you!
* * * LOW HITPOINT WARNING * * *
The electric eel shoots out a bolt of lightning at you!
The bolt of electricity hits your hellwing.
The bolt of electricity hits you!
You die...

≈ .≈≈≈≈.)..[(........... ,
.$.......(.....###...., * ≈
.≈≈≈≈..##..)#z..≈.., . ,
..........§#{.#zz.# .#.
≈.≈≈≈≈≈..#..#.##...##.#.###
.≈≈≈≈...#.§#[..PPP...#.#..
≈
....≈.....§#≈.PP>P..≈#.#.#
≈
.≈;.≈.)##3.#..PPP.P..#.#§#
≈ ;.≈...4@.#.##..5##.#.#.#
≈ ≈.≈≈≈###.#..#...#).#5§§#
≈≈... ,...#...≈...#.5§##
≈≈≈ *##.....###......## , ,
≈≈≈ ##.............## ≈ ≈*
#######.......## , ≈
#.......## ≈ ≈ * #.........
#.....#.##


You could see 2 electric eels, a friendly hellwing and a friendly smoke demon.

Vanquished Creatures
  A two-headed ogre (D:8)
  The ghost of H0rd4k the Thaumaturge, a journeyman DEWz of Sif Muna (D:10)
  Nergalle (D:11)
  A lindwurm (shapeshifter) (D:10)
  2 centaur zombies (D:11)
  2 trolls
  4 hippogriffs
  Sigmund (D:5)
  A meliai zombie (D:10)
  A human (D:8)
  2 hungry ghosts
  2 water moccasins
  A hornet zombie (D:11)
  An ice beast (D:6)
  4 orc warriors
  3 sky beasts (D:5)
  3 phantoms
  6 ogres
  2 centaurs
  A big kobold (D:9)
  6 bullfrogs
  Dowan (D:6)
  A wyvern zombie (D:10)
  A wyvern skeleton (D:11)
  3 scorpions
  14 killer bees
  The ghost of Aesthetico the Magician, a weakling DsWz (D:4)
  3 electric eels
  3 howler monkeys
  A bullfrog zombie (D:10)
  4 crimson imps
  8 hounds
  8 orc wizards
  A jelly (D:5)
  2 bullfrog skeletons
  2 orc priests
  A gnoll shaman (D:8)
  A centaur skeleton (D:6)
  An iguana (D:7)
  6 worker ants
  2 worker ant zombies
  A gnoll (D:8)
  2 howler monkey skeletons
  9 adders
  5 shadow imps
  3 oozes (D:2)
  2 adder skeletons (D:4)
  2 worms
  4 dart slugs
  5 leopard geckos
  45 orcs
  3 giant cockroaches
  5 goblins
  6 hobgoblins
  24 jackals
  6 quokkas
  8 bats
  6 frilled lizards
  9 kobolds
  A leopard gecko skeleton (D:5)
  11 rats
267 creatures vanquished.

Vanquished Creatures (collateral kills)
  An ugly thing (D:11)
  An oklob plant (D:11)
  Joseph (D:8)
  Prince Ribbit (D:8)
  A hippogriff (D:8)
  A human (D:8)
  An acid dragon (D:11)
  Duvessa (D:6)
  2 ice beasts
  An orc warrior (D:11)
  A phantom (D:11)
  3 ogres
  A bullfrog (D:8)
  A scorpion (D:11)
  6 killer bees (D:8)
  5 wights (D:11)
  2 centaur zombies
  A bullfrog skeleton (D:8)
  A jelly (D:11)
  2 orc priests
  2 orc wizards
  2 gnolls (D:8)
  An adder zombie (D:8)
  11 orcs
  A jackal (D:11)
  A kobold (D:9)
  2 plants (D:11)
54 creatures vanquished.

Vanquished Creatures (others)
  Maurice (D:8)
  An adder (D:8)
  An orc (D:7)
3 creatures vanquished.

Grand Total: 324 creatures vanquished

Notes
Turn   | Place    | Note
-------+----------+-------------------------------------------
     0 | D:1      | Revguard the Demonspawn Gladiator began the quest for the
                  | Orb.
     0 | D:1      | Reached XP level 1. HP: 16/16 MP: 1/1
   193 | D:1      | Gained mutation: You are partially covered in iridescent
                  | scales. (AC +2) [demonic ancestry]
   193 | D:1      | Reached XP level 2. HP: 10/22 MP: 2/2
   459 | D:1      | Reached skill level 3 in Axes
   903 | D:1      | Reached XP level 3. HP: 27/28 MP: 3/3
  1134 | D:2      | Reached skill level 1 in Armour
  1285 | D:2      | Found a radiant altar of Vehumet.
  1395 | D:2      | Gained mutation: You are mostly covered in iridescent
                  | scales. (AC +4) [demonic ancestry]
  1395 | D:2      | Reached XP level 4. HP: 10/34 MP: 4/4
  1429 | D:2      | Found a bloodstained altar of Trog.
  2414 | D:3      | Found a shadowy altar of Dithmenos.
  3130 | D:4      | Got a pitted leather armour
  3141 | D:4      | Identified the +1 leather armour of the End {Str+3 Int-4
                  | Dex+3} (You found it on level 4 of the Dungeon)
  3197 | D:4      | Got a translucent leather armour
  3208 | D:4      | Identified the +2 leather armour "Neostrudgh" {rF+ Str+3}
                  | (You found it on level 4 of the Dungeon)
  3233 | D:4      | Reached skill level 4 in Axes
  3233 | D:4      | Reached XP level 5. HP: 37/40 MP: 5/5
  3297 | D:4      | Noticed an ogre
  3310 | D:4      | Killed an ogre
  3356 | D:4      | Found a runed translucent door.
  3356 | D:4      | Noticed Aesthetico's ghost (weakling DsWz)
  3419 | D:4      | Killed Aesthetico's ghost
  3419 | D:4      | Reached XP level 6. HP: 47/47 MP: 6/6
  3676 | D:5      | Entered Level 5 of the Dungeon
  3699 | D:5      | Noticed Sigmund
  3731 | D:5      | Killed Sigmund
  3731 | D:5      | Reached skill level 5 in Axes
  3973 | D:5      | Found Ruyguk's Food Boutique.
  3988 | D:5      | Gained mutation: You have a pair of small antennae on your
                  | head. [demonic ancestry]
  3988 | D:5      | Reached XP level 7. HP: 52/52 MP: 7/7
  4232 | D:5      | Found a sparkling altar of Nemelex Xobeh.
  4287 | D:5      | Found an ornate altar of the Wu Jian Council.
  4288 | D:5      | Found a glowing golden altar of the Shining One.
  4316 | D:5      | Reached skill level 6 in Axes
  4584 | D:5      | Found a stormy altar of Qazlal.
  4627 | D:5      | Gained mutation: A weak demonic guardian rushes to your
                  | aid. [demonic ancestry]
  4627 | D:5      | Reached XP level 8. HP: 47/60 MP: 8/8
  4809 | D:6      | Noticed Dowan
  4810 | D:6      | Noticed Duvessa
  4825 | D:6      | Killed Duvessa
  4842 | D:6      | Killed Dowan
  4842 | D:6      | Reached skill level 7 in Axes
  5068 | D:6      | Found a white marble altar of Elyvilon.
  5196 | D:6      | Reached skill level 8 in Axes
  5662 | D:6      | Gained mutation: Your spells are a little harder to cast,
                  | but a little more powerful. [potion of mutation]
  5662 | D:6      | Gained mutation: You can translocate small distances at
                  | will. [potion of mutation]
  5664 | D:6      | Lost mutation: Your spells are a little harder to cast, but
                  | a little more powerful. [potion of mutation]
  5664 | D:6      | Lost mutation: You can translocate small distances at will.
                  | [potion of mutation]
  5664 | D:6      | Gained mutation: You passively map a small area around you.
                  | [potion of mutation]
  5664 | D:6      | Gained mutation: You have sharp toenails. [potion of
                  | mutation]
  5664 | D:6      | Gained mutation: You have an increased reservoir of magic.
                  | (+10% MP) [potion of mutation]
  5665 | D:6      | Reached skill level 9 in Axes
  5665 | D:6      | Gained mutation: A demonic guardian rushes to your aid.
                  | [demonic ancestry]
  5665 | D:6      | Reached XP level 9. HP: 68/71 MP: 8/15
  5909 | D:7      | Found a staircase to the Ecumenical Temple.
  5942 | Temple   | Entered the Ecumenical Temple
  6254 | D:7      | Gained mutation: You are completely covered in iridescent
                  | scales. (AC +6) [demonic ancestry]
  6254 | D:7      | Reached XP level 10. HP: 36/77 MP: 16/16
  6581 | D:7      | Reached skill level 1 in Evocations
  6819 | D:7      | Found a burning altar of Makhleb.
  6823 | D:7      | Became a worshipper of Makhleb the Destroyer
  6837 | D:8      | Noticed Maurice
  7015 | D:8      | Killed Maurice
  7096 | D:8      | Noticed a two-headed ogre
  7112 | D:8      | Killed a two-headed ogre
  7112 | D:8      | Reached skill level 10 in Axes
  7112 | D:8      | Reached skill level 5 in Dodging
  7371 | D:8      | Noticed Joseph
  7381 | D:8      | Killed Joseph
  7422 | D:8      | Reached * piety under Makhleb
  7498 | D:8      | Noticed Prince Ribbit
  7508 | D:8      | Killed Prince Ribbit
  7635 | D:8      | Found an iron altar of Okawaru.
  8128 | D:9      | Found a hide-covered altar of Uskayaw.
  8251 | D:9      | Reached ** piety under Makhleb
  8313 | D:9      | Reached XP level 11. HP: 79/84 MP: 18/18
  9071 | D:10     | Entered Level 10 of the Dungeon
  9099 | D:10     | Found Ofiakli's Gadget Boutique.
  9127 | D:10     | Bought a lamp of fire for 400 gold pieces
  9219 | D:10     | Noticed a shock serpent
  9219 | D:10     | Noticed H0rd4k's ghost (journeyman DEWz)
  9219 | D:10     | a shock serpent changed into a floating eye
  9223 | D:10     | Noticed a shining eye
  9223 | D:10     | a faun changed into a shining eye
  9225 | D:10     | Noticed a glowing orange brain
  9225 | D:10     | a shining eye changed into a glowing orange brain
  9268 | D:10     | Found a runed translucent gate.
  9268 | D:10     | Found a runed translucent gate.
  9268 | D:10     | Found a runed translucent gate.
  9274 | D:10     | Noticed an entropy weaver
  9274 | D:10     | a tyrant leech changed into an entropy weaver
  9277 | D:10     | Noticed a spark wasp
  9277 | D:10     | Noticed an emperor scorpion
  9277 | D:10     | a spark wasp changed into an emperor scorpion
  9285 | D:10     | an emperor scorpion changed into something unseen
  9297 | D:10     | Noticed an emperor scorpion
  9298 | D:10     | Noticed a queen ant
  9298 | D:10     | an emperor scorpion changed into a queen ant
  9298 | D:10     | Noticed a seven-headed hydra
  9298 | D:10     | a queen ant changed into a seven-headed hydra
  9299 | D:10     | a seven-headed hydra changed into something unseen
  9302 | D:10     | Noticed a minotaur
  9622 | D:10     | Reached *** piety under Makhleb
 10059 | D:10     | Noticed an orb spider
 10063 | D:10     | an orb spider changed into a polar bear
 10082 | D:10     | Noticed a harpy
 10082 | D:10     | a black mamba changed into a harpy
 10084 | D:10     | a harpy changed into a guardian serpent
 10092 | D:10     | Noticed a lindwurm
 10092 | D:10     | a guardian serpent changed into a lindwurm
 10096 | D:10     | Killed a lindwurm
 10105 | D:10     | Killed H0rd4k's ghost
 10248 | D:11     | Found a staircase to the Orcish Mines.
 10251 | D:11     | Reached skill level 11 in Axes
 10327 | D:11     | Noticed an oklob plant
 10337 | D:11     | Found a staircase to the Lair.
 10344 | D:11     | Killed an oklob plant
 10412 | D:11     | Noticed a green ugly thing
 10421 | D:11     | Killed a green ugly thing
 10627 | D:11     | Noticed Nergalle
 10633 | D:11     | Killed Nergalle
 10738 | D:11     | Killed from afar by an electric eel

Skill      XL: |  1  2  3  4  5  6  7  8  9 10 11 |
---------------+----------------------------------+-----
Axes           | 3 4 5 6 9 10 11 | 11.3
Armour         | 1 2 3 8 9 |  9.1
Dodging        | 3 4 5 |  5.8
Fighting       | 3 4 6 7 |  7.9
Invocations    | 6 7 8 |  8.6
Evocations     | 1 3 |  3.6
Throwing       | |  1.7

Action                   |  1- 3 |  4- 6 |  7- 9 | 10-12 || total
-------------------------+-------+-------+-------+-------++-------
Melee: War axe           |   104 |   183 |   204 |       ||   491
       Battleaxe         |       |       |    24 |   482 ||   506
       Unarmed           |       |       |       |    13 ||    13
Throw: Throwing net      |     1 |       |       |       ||     1
Invok: Minor Destruction |       |       |       |     5 ||     5
       Lesser Servant of |       |       |       |     4 ||     4
 Abil: Blink             |       |       |     1 |       ||     1
Evoke: Wand              |       |       |     6 |    10 ||    16
  Use: Potion            |     2 |     3 |     4 |     2 ||    11
       Scroll            |       |    11 |     3 |     4 ||    18
 Stab: Sleeping          |       |     2 |       |       ||     2
       Distracted        |       |     1 |     1 |     2 ||     4
  Eat: Chunk             |     2 |     8 |     8 |    21 ||    39
Armor: Leather armour    |    41 |    75 |    91 |   191 ||   398
       Skin              |       |       |       |     4 ||     4
Dodge: Dodged            |   110 |   184 |   223 |   584 ||  1101
Block: Other             |       |       |    18 |   139 ||   157
       Reflection        |       |       |     4 |     4 ||     8
